 Dungeon Crawl Stone Soup version 0.30-a0-12-gd8047c6341 (webtiles) character file.

Game seed: 5205860630534260023

253 Newt the Trooper (level 5, -1/42 HPs)
             Began as a Demonspawn Gladiator on Aug 23, 2022.
             Slain by Eustachio
             ... wielding a +0 rapier
              (4 damage)
             ... on level 3 of the Dungeon.
             The game lasted 00:05:10 (3266 turns).

Newt the Trooper (Demonspawn Gladiator)             Turns: 3266, Time: 00:05:10

Health: -1/42      AC:  5    Str: 17    XL:     5   Next: 90%
Magic:  5/5        EV: 12    Int:  9    God:
Gold:   75         SH:  0    Dex: 14    Spells: 4/4 levels left

rFire   . . .      SeeInvis .    a - +1 rapier
rCold   . . .      Faith    .    (no shield)
rNeg    . . .      Spirit   .    b - +0 leather armour
rPois   .          Reflect  .    c - +1 helmet
rElec   .          Harm     .    (no cloak)
rCorr   .          Rampage  .    (no gloves)
Will    .....                    (no boots)
Stlth   ++........               (no amulet)
HPRegen 0.14/turn                (no ring)
MPRegen 0.09/turn                (no ring)

@: no status effects
A: spiny 1, demonic touch 1
a: no special abilities


You were on level 3 of the Dungeon.
You visited 1 branch of the dungeon, and saw 4 of its levels.

You collected 75 gold pieces.

Inventory:

Hand Weapons
 a - a +1 rapier (weapon)
Missiles
 d - 3 throwing nets
 h - a javelin
 q - 3 poisoned darts
 r - 2 boomerangs (quivered)
Armour
 b - a +0 leather armour (worn)
 c - a +1 helmet (worn)
 k - a +0 scale mail
Wands
 e - a wand of quicksilver (10)
 o - a wand of flame (26)
Scrolls
 f - 2 scrolls of enchant armour
Potions
 g - a potion of degeneration
 i - 2 potions of brilliance
 j - a potion of might
 l - 2 potions of curing {unknown}
 m - 2 potions of heal wounds {unknown}
 n - a potion of flight {unknown}
 p - a potion of attraction {unknown}


   Skills:
 - Level 4.0 Fighting
 - Level 4.0 Short Blades
 + Level 3.0 Throwing
 - Level 2.6 Dodging
 - Level 2.0 Stealth


You had 4 spell levels left.
You didn't know any spells.
Your spell library contained the following spells:

 Spells                   Type           Power      Damage    Failure   Level
 Shock                    Conj/Air       0%         1d3       45%         1
 Call Canine Familiar     Summ           0%         N/A       83%         3
 Ignite Poison            Fire/Tmut/Pois 0%         N/A       83%         3
 Mephitic Cloud           Conj/Pois/Air  0%         N/A       83%         3
 Portal Projectile        Hex/Tloc       0%         N/A       83%         3
 Swiftness                Air            0%         N/A       83%         3
 Airstrike                Air            0%         2d(0-16)  99%         4
 Leda's Liquefaction      Hex/Erth       0%         N/A       99%         4
 Freezing Cloud           Conj/Ice/Air   0%         6-21      100%        5


Dungeon Overview and Level Annotations

Branches:
Dungeon (4/15)
 Temple: D:4-7

Altars:

Shops:
D:2 =   D:4 ?

Annotations:
D:3 3 runed translucent doors, Eustachio; Pikel; Setbun's ghost, amateur MiFi; Stellion's ghost, amateur DECj; nickcage's ghost, amateur MiGl


Innate Abilities, Weirdness & Mutations

You are partially covered in sharp spines.
Your touch may inflict minor irresistible damage on your foes.


Message History

You hit the lemure but do no damage. Your touch misses the lemure.
The lemure is heavily wounded.
The lemure hits you but does no damage.
You barely miss the lemure.
The lemure is heavily wounded.
The lemure barely misses you.
You hit the lemure.
The lemure is heavily wounded.
The lemure hits you.
You hit the lemure.
You touch the lemure!
You kill the lemure!
That felt strangely unrewarding.
You start resting.
HP restored.
There is a stone staircase leading down here.
You climb downwards.
Level annotation: Eustachio; Pikel The lemure misses you.
Pikel closely misses you. Eustachio is struck by your spines.
Eustachio hits you with a +0 rapier. The lemure is struck by your spines.
The lemure misses you. Eustachio barely misses you.
Pikel hits you with a +2 whip of freezing.
Pikel freezes you.
There is a stone staircase leading up, spattered with blood here.
The lemure hits you.
Pikel hits you with a +2 whip of freezing!
Pikel freezes you.
* * * LOW HITPOINT WARNING * * *
The lemure is struck by your spines. The lemure misses you.
Eustachio hits you with a +0 rapier.
* * * LOW HITPOINT WARNING * * *
You climb upwards.
Level annotation: 3 runed translucent doors, Setbun's ghost, amateur MiFi; Stellion's ghost, amateur DECj; nickcage's ghost, amateur MiGl
There is a stone staircase leading down here.
Unknown command.
The lemure attacks as you move away! The lemure hits you.
* * * LOW HITPOINT WARNING * * *
Eustachio attacks as you move away! Eustachio is struck by your spines.
Eustachio hits you with a +0 rapier.
You die...

##.# #.# #...#..........#
##.####.####...#...(.....##
#....#..##...>...........#
...........#...##.###..###
.....#######...##.##..##
.....###.......##.#....#
.#.#.#.#.#.#.#.#.#.#.#.#
.................@.....#
.#.#.#.#.#.#.#.#@#.#.###
...............55K....#
.#.#.#.#.#.#.#^#.#.#.##
.###########.#.###..## ##
#.#.# #.)# .# ##.#.###..##
.# #..#..##...# .#
####.###.##.#.# .#
#........##...#


You could see Eustachio, Pikel and 2 lemures.

Vanquished Creatures
  2 lemures (D:3)
  A scorpion (D:4)
  A hound (D:4)
  4 gnolls (D:2)
  3 adders
  A worm (D:2)
  6 dart slugs
  An orc (D:3)
  7 endoplasms
  5 giant cockroaches
  3 goblins
  9 hobgoblins
  8 jackals
  5 quokkas
  7 ball pythons
  4 bats
  3 frilled lizards
  7 kobolds
  6 rats
83 creatures vanquished.

Vanquished Creatures (others)
  4 withered plants (D:3)
4 creatures vanquished.

Grand Total: 87 creatures vanquished

Notes
Turn   | Place    | Note
-------+----------+-------------------------------------------
     0 | D:1      | Newt the Demonspawn Gladiator began the quest for the Orb.
     0 | D:1      | Reached XP level 1. HP: 16/16 MP: 1/1
    62 | D:1      | Reached skill level 1 in Stealth
   313 | D:1      | Gained mutation: Your touch may inflict minor irresistible
                  | damage on your foes. [demonic ancestry]
   313 | D:1      | Reached XP level 2. HP: 14/22 MP: 2/2
   760 | D:1      | Reached XP level 3. HP: 28/28 MP: 3/3
  1121 | D:2      | Found Fitwich's Jewellery Shop.
  1503 | D:2      | Gained mutation: You are partially covered in sharp spines.
                  | [demonic ancestry]
  1503 | D:2      | Reached XP level 4. HP: 37/37 MP: 4/4
  1608 | D:2      | HP: 1/37 [gnoll/+0 halberd (7)]
  2427 | D:3      | Found a runed translucent gate.
  2427 | D:3      | Found a runed translucent gate.
  2427 | D:3      | Found a runed translucent gate.
  2427 | D:3      | Noticed nickcage's ghost (amateur MiGl)
  2427 | D:3      | Noticed Setbun's ghost (amateur MiFi)
  2428 | D:3      | Noticed Stellion's ghost (amateur DECj)
  2438 | D:3      | Reached XP level 5. HP: 38/42 MP: 5/5
  2766 | D:4      | Found Koczy's Magic Scroll Boutique.
  3066 | D:4      | Noticed Pikel
  3066 | D:4      | Noticed a lemure
  3066 | D:4      | Noticed a lemure
  3066 | D:4      | Noticed a lemure
  3066 | D:4      | Noticed a lemure
  3067 | D:4      | Noticed Eustachio
  3083 | D:3      | Killed a lemure
  3091 | D:3      | Killed a lemure
  3266 | D:3      | Slain by Eustachio

Illustrated notes

Levels and vault maps discovered:
D:1:      dpeg_arrival_chambers_temple_mockup, layout_rooms
D:2:      layout_basic, serial_shops, shop
D:3:      layout_rooms, gammafunk_ghost_cemetery, st_stairs_13
D:4:      layout_cave_pools, serial_shops, nicolae_shop_advertising_works
          [nicolae_subvault_shop_adworks], uniq_pikel, uniq_sigmund,
          uniq_eustachio, uniq_ijyb, uniq_pargi

Skill      XL: |  1  2  3  4  5 |
---------------+----------------+-----
Stealth        | 1 2 |  2.0
Fighting       | 3 4 |  4.0
Short Blades   | 3 4 |  4.0
Throwing       | 3 |  3.0
Dodging        | |  2.6

Action                   |  1- 3 |  4- 6 || total
-------------------------+-------+-------++-------
Melee: Rapier            |   109 |    81 ||   190
       Touch             |    18 |    19 ||    37
       Punch             |       |     2 ||     2
Throw: Javelin           |       |     3 ||     3
       Boomerang         |       |     2 ||     2
  Use: Scroll            |     3 |     6 ||     9
       Potion            |       |     1 ||     1
 Stab: Sleeping          |     3 |     1 ||     4
Armor: Leather armour    |    30 |    11 ||    41
Dodge: Dodged            |    77 |    70 ||   147

Table legend: (Time is in decaauts)
 A = Elapsed time spent in this place.
 B = Non-inter-level travel time spent in this place.
 C = Inter-level travel time spent in this place.
 D = Time resting spent in this place.
 E = Time spent auto-exploring this place.
 F = Levels seen in this place.
 G = Mean time per level.
                   A        B        C        D        E       F      G
               +--------+--------+--------+--------+--------+-----+--------+
         Total |   3260 |   3161 |     99 |    886 |   1669 |   4 |  815.0 |
       Dungeon |   3260 |   3161 |     99 |    886 |   1669 |   4 |  815.0 |
               +--------+--------+--------+--------+--------+-----+--------+

Top non-repeatable levels by time:
     D:1: 1251 daAuts
     D:2: 1126 daAuts
     D:3: 791 daAuts
     D:4: 90 daAuts
